 Dungeon Crawl Stone Soup version 0.29-a0-330-g52719c12eb (webtiles) character file.

Game seed: 18146169024909387181

39 kae the Firebug (level 3, -1/27 HPs)
             Began as a Demigod Fire Elementalist on May 29, 2022.
             Succumbed to a scorpion's poison
             ... on level 2 of the Dungeon.
             The game lasted 00:01:31 (1510 turns).

kae the Firebug (Demigod Fire Elementalist)         Turns: 1510, Time: 00:01:31

Health: -1/27      AC:  2    Str:  9    XL:     3   Next: 11%
Magic:  7/8        EV: 12    Int: 21    God:
Gold:   59         SH:  0    Dex: 14    Spells: 0/6 levels left

rFire   + . .      SeeInvis .   h - +0 short sword
rCold   . . .      Faith    .   (no shield)
rNeg    . . .      Spirit   .   a - +0 robe
rPois   .          Reflect  .   (no helmet)
rElec   .          Harm     .   (no cloak)
rCorr   .          Rampage  .   (no gloves)
Will    .....      Rnd*Tele +   (no boots)
Stlth   ++........              (no amulet)
HPRegen 0.09/turn               (no ring)
MPRegen 0.11/turn               (no ring)

@: lethally poisoned (-1 -> -11)
A: high MP 1, forlorn, divine attributes, fire resistance 1, teleportitis 1,
evolution 1
a: no special abilities


You were on level 2 of the Dungeon.
You visited 1 branch of the dungeon, and saw 3 of its levels.

You collected 59 gold pieces.

Inventory:

Hand Weapons
 h - a +0 short sword (weapon)
Armour
 a - a +0 robe (worn)
Scrolls
 g - a scroll of identify
 j - a scroll of fog {unknown}
Potions
 b - a potion of magic
 c - 2 potions of attraction
 e - 2 potions of heal wounds {unknown}
 i - 2 potions of ambrosia {unknown}


   Skills:
 + Level 0.8 Fighting
 - Level 1.7 Dodging
 - Level 1.7 Stealth
 + Level 2.0 Spellcasting
 * Level 1.8 Conjurations
 * Level 3.1 Fire Magic


You couldn't memorise any spells.
You knew the following spells:

 Your Spells              Type           Power      Damage    Failure   Level
a - Foxfire               Conj/Fire      48%        2x1d6     5%          1
b - Scorch                Fire           30%        2d6       6%          2
c - Conjure Flame         Conj/Fire      12%        6-21      16%         3

Your spell library contained the following spells:

 Spells                   Type           Power      Damage    Failure   Level
 Inner Flame              Hex/Fire       8%         N/A       22%         3
 Flame Wave               Conj/Fire      12%        2d6       45%         4


Dungeon Overview and Level Annotations

Branches:
Dungeon (3/15)


Innate Abilities, Weirdness & Mutations

You have an increased reservoir of magic. (+10% MP)
You shall have no god before yourself.
Your divine heritage dramatically boosts your attributes as you level up.
Your flesh is heat resistant. (rF+)
You are occasionally teleported next to monsters.
You have hidden genetic potential.


Message History

Your magical contamination has completely faded away.
There is an open door here.
You close the door.
You start resting.
Magic restored. 2 orcs come into view.
The orc shouts!
You hear a shout! x2
The orc barely misses you.
An orc comes into view. It is wielding a +0 trident.
Casting: Foxfire (safe; 5% risk of failure)
Confirm with . or Enter, or press ? or * to list all spells.
You conjure some foxfire!
The orc closely misses you.
The foxfire hits the scorpion.
The scorpion is moderately wounded.
The foxfire hits the orc.
The orc is heavily wounded.
The orc closely misses you.
As you read the scroll labelled FONIWULAJI, it crumbles to dust.
You feel strangely unstable.
It was a scroll of teleportation.
The scorpion stings you.
You are poisoned.
The scorpion poisons you! The orc misses you.
You feel sick. The scorpion stings you!
You are lethally poisoned!
The scorpion poisons you! The scorpion attacks as you move away!
The scorpion stings you.
* * * LOW HITPOINT WARNING * * *
You feel very sick. The scorpion closely misses you.
Your surroundings suddenly seem different.
A worm comes into view.
Found a ruby potion.
* * * LOW HITPOINT WARNING * * *
You feel very sick.
* * * LOW HITPOINT WARNING * * *
You feel very sick.
It was a potion of mutation.
You feel extremely strange.
You feel a hidden potential growing inside you.
You feel weirdly uncertain.
You feel resistant to heat.
You die...

#.# .# #.# #.
#.#..####.# #.
..........#######.
#.#.....^>........
#.#.#####.########
#.#.### #.# ####
########.....# #..
.....
.........!.#.#####
##### #..@.......
## #.#####.### ..
#. ## #. #. #. .
#w ## #.


There were no monsters in sight!

Vanquished Creatures
  A gnoll (D:1)
  An adder (D:3)
  A worm (D:2)
  2 bats (D:1)
  An endoplasm (D:2)
  A goblin (D:1)
  2 hobgoblins
  4 ball pythons
  A frilled lizard (D:2)
  3 kobolds
17 creatures vanquished.

Vanquished Creatures (others)
  66 foxfires
66 creatures vanquished.

Grand Total: 83 creatures vanquished

Notes
Turn   | Place    | Note
-------+----------+-------------------------------------------
     0 | D:1      | kae the Demigod Fire Elementalist began the quest for the
                  | Orb.
     0 | D:1      | Reached XP level 1. HP: 14/14 MP: 5/5
    72 | D:1      | Reached skill level 1 in Conjurations
    76 | D:1      | Reached XP level 2. HP: 22/22 MP: 0/7
   143 | D:1      | Learned a level 2 spell: Scorch
   219 | D:1      | Reached skill level 3 in Fire Magic
   320 | D:1      | You fall into a shaft and drop 1 floor!
  1046 | D:2      | Noticed a scorpion
  1077 | D:3      | Reached XP level 3. HP: 12/27 MP: 2/8
  1306 | D:2      | Learned a level 3 spell: Conjure Flame
  1509 | D:2      | HP: 1/27 [poisoned by a scorpion]
  1510 | D:2      | Gained mutation: You have hidden genetic potential. [potion
                  | of mutation]
  1510 | D:2      | Gained mutation: You are occasionally teleported next to
                  | monsters. [potion of mutation]
  1510 | D:2      | Gained mutation: Your flesh is heat resistant. (rF+)
                  | [potion of mutation]
  1510 | D:2      | Succumbed to a scorpion's poison

Illustrated notes

Levels and vault maps discovered:
D:1:      psy_arrival_basics, layout_rooms, nicolae_ecumenical_lake_church,
          dreamdust_mushroom_princess, chequers_serial_rivers_small_3
D:2:      layout_loops_ring, basic_altar, hangedman_abyss_or_decor_lesser_grid,
          grunt_decor_arrowhead
D:3:      layout_loops_ring, uniq_jessica

Skill      XL: |  1  2 |
---------------+-------+-----
Conjurations   | 1 |  1.8
Fire Magic     | 3 |  3.1
Spellcasting   | 2 |  2.0
Fighting       | |  0.8
Dodging        | |  1.7
Stealth        | |  1.7

Action                   || total
-------------------------++-------
 Cast: Foxfire           ||    36
       Scorch            ||     1
       Conjure Flame     ||     1
  Use: Scroll            ||     5
       Potion            ||     1
Armor: Robe              ||     3
Dodge: Dodged            ||    16

Table legend: (Time is in decaauts)
 A = Elapsed time spent in this place.
 B = Non-inter-level travel time spent in this place.
 C = Inter-level travel time spent in this place.
 D = Time resting spent in this place.
 E = Time spent auto-exploring this place.
 F = Levels seen in this place.
 G = Mean time per level.
                   A        B        C        D        E       F      G
               +--------+--------+--------+--------+--------+-----+--------+
         Total |   1514 |   1463 |     51 |    168 |   1070 |   3 |  504.7 |
       Dungeon |   1514 |   1463 |     51 |    168 |   1070 |   3 |  504.7 |
               +--------+--------+--------+--------+--------+-----+--------+

Top non-repeatable levels by time:
     D:1: 776 daAuts
     D:2: 722 daAuts
     D:3: 15 daAuts
